 Dungeon Crawl Stone Soup version 0.16.0-8-gd9ae3a8 (webtiles) character file.

1099 Nefaurd the Geomancer (level 8, -7/41 HPs)
             Began as a Gargoyle Earth Elementalist on Mar 16, 2015.
             Mangled by an orc warrior
             ... wielding a +0 dire flail
              (19 damage)
             ... on level 6 of the Dungeon.
             The game lasted 00:46:21 (6409 turns).

Nefaurd the Geomancer (Gargoyle Earth Elementalist) Turns: 6409, Time: 00:46:22

Health: -7/41      AC:  8    Str: 16    XL:     8   Next: 32%
Magic:  4/20       EV: 12    Int: 18    God:
Gold:   282        SH:  0    Dex: 10    Spells: 4 memorised, 4 levels left

rFire  . . .     SeeInvis +     b - 45 stones
rCold  . . .     Clarity  .     c - +0 robe
rNeg   + . .     SustAb   .     (no shield)
rPois  ∞         Gourm    .     f - +0 hat
rElec  +         Spirit   .     (no cloak)
rCorr  .         Warding  .     k - +0 pair of gloves
rMut   .         Stasis   .     (no boots)
MR     .....                    (no amulet)
Stlth  ++........               j - ring of see invisible
                                i - +4 ring of strength

@: not resistant to hostile enchantments, unstealthy
A: negative energy resistance 1, electricity resistance, unbreathing,
petrification resistance, rot immunity, AC +5
a: no special abilities


You were on level 6 of the Dungeon.
You were very hungry.

You visited 2 branches of the dungeon, and saw 8 of its levels.

You collected 282 gold pieces.

Inventory:

Missiles
 b - 45 stones (in hand)
Armour
 c - a +0 robe (worn)
 f - a +0 hat (worn)
 k - a +0 pair of gloves (worn)
Magical staves
 m - an uncursed staff of poison
Jewellery
 i - a +4 ring of strength (left hand)
 j - a ring of see invisible (right hand)
 r - an uncursed ring of stealth
 v - an uncursed ring of sustain abilities {unknown}
Magical devices
 t - a wand of confusion (21)
Scrolls
 l - a scroll of amnesia
 o - a scroll of enchant armour {unknown}
 q - a scroll of noise {unknown}
 u - a scroll of remove curse
Potions
 a - a potion of invisibility {unknown}
 e - 3 potions of curing
 h - a potion of restore abilities
 n - a potion of degeneration {unknown}
 p - 2 potions of berserk rage {unknown}
 s - a potion of haste
 w - a potion of brilliance
Books
 d - a book of Geomancy

   Spells                             Type                      Level
   a - Sandblast                      Earth                        1
   b - Stoneskin                      Transmutation/Earth          2
   c - Passwall                       Transmutation/Earth          3
   d - Stone Arrow                    Conjuration/Earth            3
   e - Petrify                        Transmutation/Earth          4
   f - Lee's Rapid Deconstruction     Earth                        5
 g - an Akashic Record {highlevel, unknown}

   This book is beyond your current level of understanding.

   Spells                             Type                      Level
   a - Dispersal                      Translocation                6
   b - Controlled Blink               Translocation                7
   c - Malign Gateway                 Summoning/Translocation      7
   d - Disjunction                    Translocation                8
   e - Singularity                    Translocation                9


   Skills:
 + Level 0.2 Fighting
 + Level 3.2 Dodging
 + Level 3.1 Stealth
 + Level 5.3 Spellcasting
   Level 0.4 Conjurations
 + Level 1.0 Transmutations
 + Level 8.6 Earth Magic


You had 4 spell levels left.
You knew the following spells:

 Your Spells              Type           Power        Failure   Level  Hunger
a - Sandblast             Erth           #####.       1%          1    None
b - Petrify               Trmt/Erth      ###.....     21%         4    ####...
c - Lee's Rapid Deconstr  Erth           #####.....   12%         5    ######.
d - Passwall              Trmt/Erth      ###.......   6%          3    ##.....


Dungeon Overview and Level Annotations

Branches:
Dungeon (7/15)             Temple (1/1) D:5

Altars:
Ashenzari
Cheibriados
Dithmenos
Elyvilon
Fedhas
Gozag
Kikubaaqudgha
Makhleb
Okawaru
Qazlal
Ru
Trog
Vehumet
Xom
Yredelemnul
Zin


Innate Abilities, Weirdness & Mutations

You are resistant to torment.
You are immune to poison.
Your stone body is very resilient (AC +5).
You resist negative energy.
You are resistant to electric shocks.
You can survive without breathing.
You are immune to petrification.
You are immune to rotting.


Message History

The rocky blast hits the orc warrior.
The orc warrior is lightly wounded.
The orc warrior closely misses you.
Casting: Sandblast
Confirm with . or Enter, or press ? or * to list all spells.
Aiming: Lee's Rapid Deconstruction
Press: ? - help, Dir - move target cursor, p - orc warrior That beam is likely to hit you.
Continue anyway?
Uppercase [Y]es or [N]o only, please.
That beam is likely to hit you.
Continue anyway?
The wall shatters!
The blast of rock fragments hits the orc warrior.
The orc warrior is moderately wounded.
You are feeling very hungry.
The orc warrior hits you with a dire flail!
* * * LOW HITPOINT WARNING * * *
Found an escape hatch in the ceiling.
Found a scroll of remove curse.
The orc warrior hits you with a dire flail!!
You die...

### #.. ##.. #######
########... . #.....#
#...B......
#..#.....#####.######..#
#<.'...@.....#..........
#?##....o#####..###..#.#
#..........#..##......
#.####..##.#........## #
#.......##.#..........
###.#.......##.#.#####.###
#..........[#...........)#
######......###...#####..#
#....#.#.)...# ...#


You could see an orc warrior.

Vanquished Creatures
  A centaur (D:5)
  An ice beast (D:5)
  2 ogres (D:5)
  3 quasits
  A giant frog skeleton (D:5)
  3 orc priests
  2 hounds (D:4)
  A jelly (D:5)
  An iguana (D:5)
  8 worker ants
  2 orc wizards
  4 adders
  3 gnolls (D:4)
  3 shadow imps
  2 worms
  A giant gecko (D:3)
  4 oozes
  15 orcs
  7 bats
  A bat skeleton (D:3)
  3 bat zombies (D:5)
  4 giant cockroaches
  6 goblins
  6 hobgoblins
  10 kobolds
  A quokka (D:3)
  3 giant newts
  A giant spore (D:3)
  A quokka zombie (D:5)
  10 rats
  A rat zombie (D:5)
111 creatures vanquished.

Notes
Turn   | Place    | Note
--------------------------------------------------------------
     0 | D:1      | Nefaurd, the Gargoyle Earth Elementalist, began the quest for the Orb.
     0 | D:1      | Reached XP level 1. HP: 10/10 MP: 3/3
    55 | D:1      | You fall through a shaft!
   226 | D:2      | Reached XP level 2. HP: 9/15 MP: 1/4
   300 | D:2      | Reached skill level 4 in Earth Magic
   301 | D:2      | Reached XP level 3. HP: 16/19 MP: 1/6
  1168 | D:3      | Reached XP level 4. HP: 24/24 MP: 6/8
  1173 | D:3      | Learned a level 3 spell: Stone Arrow
  1260 | D:3      | Reached skill level 5 in Earth Magic
  1274 | D:3      | Reached XP level 5. HP: 5/28 MP: 0/10
  2201 | D:5      | Entered Level 5 of the Dungeon
  2486 | D:4      | Reached XP level 6. HP: 32/32 MP: 8/13
  2530 | D:4      | Reached skill level 6 in Earth Magic
  2537 | D:4      | Learned a level 5 spell: Lee's Rapid Deconstruction
  2731 | D:4      | Learned a level 4 spell: Petrify
  2811 | D:5      | Found a staircase to the Ecumenical Temple.
  2811 | D:5      | Noticed a centaur
  2811 | D:5      | Noticed an ice beast
  2818 | D:5      | Killed a centaur
  2835 | Temple   | Entered the Ecumenical Temple
  3161 | D:5      | Killed an ice beast
  3161 | D:5      | Reached skill level 7 in Earth Magic
  3161 | D:5      | Reached XP level 7. HP: 3/36 MP: 3/17
  3535 | D:5      | Learned a level 3 spell: Passwall
  4836 | D:5      | Found a radiant altar of Vehumet.
  4836 | D:5      | Found a shimmering altar of Xom.
  4884 | D:5      | Found an ancient bone altar of Kikubaaqudgha.
  5323 | D:5      | Found a stormy altar of Qazlal.
  5402 | D:5      | Noticed an ogre
  5406 | D:5      | Killed an ogre
  5664 | D:5      | Reached skill level 1 in Transmutations
  5702 | D:5      | Noticed an ogre
  5718 | D:5      | Killed an ogre
  5718 | D:5      | Reached skill level 8 in Earth Magic
  5718 | D:5      | Reached XP level 8. HP: 41/41 MP: 12/19
  5761 | D:5      | Reached skill level 5 in Spellcasting
  6409 | D:6      | Mangled by an orc warrior

Action                   |  1- 3 |  4- 6 |  7- 9 || total
-------------------------+-------+-------+-------++-------
Throw: Stone             |       |       |     2 ||     2
 Cast: Sandblast         |    46 |    64 |    81 ||   191
       Stone Arrow       |       |     6 |       ||     6
       Lee's Rapid Decon |       |     1 |    31 ||    32
       Petrify           |       |     1 |     1 ||     2
       Passwall          |       |       |     9 ||     9
  Use: Scroll            |     3 |     2 |     1 ||     6
       Potion            |     6 |     1 |       ||     7
 Stab: Sleeping          |     1 |       |       ||     1
  Eat: Pizza             |     1 |     1 |       ||     2
       Meat ration       |       |     1 |     1 ||     2
       Beef jerky        |       |     1 |       ||     1
       Bread ration      |       |       |     3 ||     3
       Chunk             |       |       |     3 ||     3
